| TOP OF THE 1ST |
|
Vancouver Canadians batting - Pitching for Aberdeen Ironbirds : LHP Luis Perez
|
|
Pitching: LHP Luis Perez
|
|
|
Batting: RHB Elliot Manfredini
|
0-0: Ball 1-0: Ball 2-0: Fly out, F9 (Flyball, 9LS, EV 87.5 MPH)
|
|
Batting: RHB Lee McKay
|
0-0: Called Strike 0-1: Foul Ball, location: 2F 0-2: Ball 1-2: Ball 2-2: Foul Ball, location: 2F 2-2: Strikes out looking
|
|
Batting: RHB Nikita Schram
|
0-0: Called Strike 0-1: Foul Ball, location: 2F 0-2: Strikes out swinging
|
| Top of the 1st over - 0 runs, 0 hits, 0 errors, 0 left on base; Vancouver 0 - Aberdeen 0 |
| BOTTOM OF THE 1ST |
|
Aberdeen Ironbirds batting - Pitching for Vancouver Canadians : RHP Allen Vesey
|
|
Pitching: RHP Allen Vesey
|
|
|
Batting: LHB Miguel Medina
|
0-0: Ball 1-0: Foul Ball, location: 2F 1-1: Called Strike 1-2: Ball 2-2: Ball 3-2: Base on Balls
|
|
Batting: RHB Tony Godley
|
0-0: Ball 1-0: Called Strike Miguel Medina is caught stealing 2nd base 2-4 1-1: Ball 2-1: DOUBLE (Line Drive, 89D, EV 101.2 MPH)
|
|
Batting: LHB Adam Oldfield
|
0-0: Swinging Strike 0-1: Foul Ball, location: 2F 0-2: Ball 1-2: Strikes out swinging
|
|
Batting: RHB Daniel Jackson
|
0-0: Ball 1-0: Ground out 5-3 (Groundball, 56S, EV 80.0 MPH)
|
| Bottom of the 1st over - 0 runs, 1 hit, 0 errors, 1 left on base; Vancouver 0 - Aberdeen 0 |
| TOP OF THE 2ND |
|
Vancouver Canadians batting - Pitching for Aberdeen Ironbirds : LHP Luis Perez
|
|
Batting: RHB Porter Welsh
|
0-0: Called Strike 0-1: Ball 1-1: Foul Ball, location: 2F 1-2: Strikes out looking
|
|
Batting: RHB Dan Hilyer
|
0-0: Ball 1-0: Swinging Strike 1-1: Ball 2-1: Ball 3-1: Called Strike 3-2: Base on Balls
|
|
Batting: RHB Bobby Lasaguna
|
0-0: Called Strike 0-1: Called Strike 0-2: Ball Dan Hilyer steals 2nd, throwing error, E2 Dan Hilyer to third 1-2: Ball 2-2: Ground out 6-3 (Groundball, 6, EV 87.5 MPH) Dan Hilyer scores
|
|
Batting: RHB Jose Garza
|
0-0: Ball 1-0: Ball 2-0: Fly out, F8 (Flyball, 8RXD, EV 103.1 MPH)
|
| Top of the 2nd over - 1 run, 0 hits, 1 error, 0 left on base; Vancouver 1 - Aberdeen 0 |
| BOTTOM OF THE 2ND |
|
Aberdeen Ironbirds batting - Pitching for Vancouver Canadians : RHP Allen Vesey
|
|
Batting: RHB Ray Sims
|
0-0: Ball 1-0: Foul Ball, location: 2F 1-1: Ground out 4-3 (Groundball, 4M, EV 87.5 MPH)
|
|
Batting: RHB Dave Perron
|
0-0: Called Strike 0-1: Ball 1-1: Foul Ball, location: 2F 1-2: Foul Ball, location: 2F 1-2: Ball 2-2: Ball 3-2: Ground out 4-3 (Groundball, 4, EV 81.2 MPH)
|
|
Batting: LHB Shane Cruse
|
0-0: Ball 1-0: Fly out, F8 (Line Drive, 8LD, EV 91.2 MPH)
|
| Bottom of the 2nd over - 0 runs, 0 hits, 0 errors, 0 left on base; Vancouver 1 - Aberdeen 0 |
| TOP OF THE 3RD |
|
Vancouver Canadians batting - Pitching for Aberdeen Ironbirds : LHP Luis Perez
|
|
Batting: RHB Jose Ontiveros
|
0-0: Called Strike 0-1: Called Strike 0-2: Foul Ball, location: 2F 0-2: Ball 1-2: Strikes out looking
|
|
Batting: LHB Sonny Flood
|
0-0: Foul Ball, location: 2F 0-1: Called Strike 0-2: Ball 1-2: Ground out 4-3 (Groundball, 34, EV 110.6 MPH)
|
|
Batting: RHB Elliot Manfredini
|
0-0: Foul Ball, location: 2F 0-1: Foul Ball, location: 2F 0-2: Strikes out swinging
|
| Top of the 3rd over - 0 runs, 0 hits, 0 errors, 0 left on base; Vancouver 1 - Aberdeen 0 |
| BOTTOM OF THE 3RD |
|
Aberdeen Ironbirds batting - Pitching for Vancouver Canadians : RHP Allen Vesey
|
|
Batting: RHB Matt Berrier
|
0-0: Ball 1-0: SINGLE (Groundball, 56D, EV 97.5 MPH)
|
|
Batting: RHB Andy Bridger
|
0-0: Ball 1-0: Ball 2-0: SINGLE (Line Drive, 7S, EV 106.9 MPH) Matt Berrier to second
|
|
Batting: LHB Miguel Medina
|
0-0: Foul Ball, location: 2F 0-1: Swinging Strike 0-2: Ball 1-2: Ball 2-2: Ball 3-2: Strikes out swinging
|
|
Batting: RHB Tony Godley
|
0-0: Ball 1-0: Called Strike 1-1: SINGLE (Line Drive, 6M, EV 101.9 MPH) Matt Berrier to third Andy Bridger to second
|
|
Batting: LHB Adam Oldfield
|
0-0: Ball 1-0: Swinging Strike 1-1: Swinging Strike 1-2: Ball 2-2: Ball 3-2: Fly out, F9 (Flyball, 9, EV 93.1 MPH)
|
|
Batting: RHB Daniel Jackson
|
0-0: Fly out, F8 (Flyball, 8RXD, EV 110.6 MPH)
|
| Bottom of the 3rd over - 0 runs, 3 hits, 0 errors, 3 left on base; Vancouver 1 - Aberdeen 0 |
| TOP OF THE 4TH |
|
Vancouver Canadians batting - Pitching for Aberdeen Ironbirds : LHP Luis Perez
|
|
Batting: RHB Lee McKay
|
0-0: Ball 1-0: Foul Ball, location: 2F 1-1: Foul Ball, location: 2F 1-2: SINGLE (Line Drive, 8LS, EV 91.2 MPH)
|
|
Batting: RHB Nikita Schram
|
0-0: Ball 1-0: Foul Ball, location: 2F 1-1: Called Strike 1-2: Ball 2-2: Foul Ball, location: 2F 2-2: Grounds into double play, 6-4-3 (Groundball, 6, EV 86.2 MPH)
|
|
Batting: RHB Porter Welsh
|
0-0: Ball 1-0: Ball 2-0: Ball 3-0: Base on Balls
|
|
Batting: RHB Dan Hilyer
|
0-0: Called Strike 0-1: Foul Ball, location: 2F 0-2: Foul Ball, location: 2F 0-2: Strikes out looking
|
| Top of the 4th over - 0 runs, 1 hit, 0 errors, 1 left on base; Vancouver 1 - Aberdeen 0 |
| BOTTOM OF THE 4TH |
|
Aberdeen Ironbirds batting - Pitching for Vancouver Canadians : RHP Allen Vesey
|
|
Batting: RHB Ray Sims
|
0-0: SINGLE (Groundball, 4M, EV 107.5 MPH) (infield hit)
|
|
Batting: RHB Dave Perron
|
0-0: Ball 1-0: Ball 2-0: Called Strike 2-1: DOUBLE (Line Drive, 7LM, EV 106.9 MPH) Ray Sims to third Runner from 3rd tries for Home, throw by LF and OUT! 7-6-2
|
|
Batting: LHB Shane Cruse
|
0-0: Called Strike 0-1: Foul Ball, location: 2F 0-2: Ball 1-2: Ball 2-2: Foul Ball, location: 2F 2-2: Ball 3-2: Base on Balls
|
|
Batting: RHB Matt Berrier
|
0-0: Swinging Strike 0-1: Ball 1-1: Ball 2-1: Foul Ball, location: 2F 2-2: Ball 3-2: Strikes out looking
|
|
Batting: RHB Andy Bridger
|
0-0: Called Strike 0-1: Ball 1-1: Ball 2-1: Swinging Strike 2-2: Ball 3-2: Foul Ball, location: 2F 3-2: Foul Ball, location: 2F 3-2: Foul Ball, location: 2F 3-2: Foul Ball, location: 2F 3-2: Foul Ball, location: 2F 3-2: Ground out 6-3 (Groundball, 6, EV 83.8 MPH)
|
| Bottom of the 4th over - 0 runs, 2 hits, 0 errors, 2 left on base; Vancouver 1 - Aberdeen 0 |
| TOP OF THE 5TH |
|
Vancouver Canadians batting - Pitching for Aberdeen Ironbirds : LHP Luis Perez
|
|
Batting: RHB Bobby Lasaguna
|
0-0: SINGLE (Groundball, 4MD, EV 96.2 MPH) (infield hit)
|
|
Batting: RHB Jose Garza
|
0-0: Called Strike Bobby Lasaguna steals 2nd base 0-1: Swinging Strike 0-2: Ball 1-2: Strikes out looking
|
|
Batting: RHB Jose Ontiveros
|
0-0: Intentional Walk
|
|
Batting: LHB Sonny Flood
|
0-0: Ball 1-0: SINGLE (Groundball, 34D, EV 108.8 MPH) Bobby Lasaguna to third Jose Ontiveros to second Runner from 3rd tries for Home, SAFE, throw by RF to home
|
|
Batting: RHB Elliot Manfredini
|
0-0: Ball 1-0: Ball 2-0: Foul Ball, location: 2F 2-1: Foul Ball, location: 2F 2-2: Ball 3-2: Foul Ball, location: 2F 3-2: Base on Balls Jose Ontiveros to third Sonny Flood to second
|
|
Batting: RHB Lee McKay
|
0-0: Foul Ball, location: 2F 0-1: Swinging Strike 0-2: Foul Ball, location: 2F 0-2: Fly out, F7 (Flyball, 7D, EV 106.2 MPH) Runner from 3rd tags up, SCORES, no throw by LF Sonny Flood to third
|
|
Batting: RHB Nikita Schram
|
0-0: Ball 1-0: Fly out, F8 (Flyball, 89M, EV 94.4 MPH)
|
| Top of the 5th over - 2 runs, 2 hits, 0 errors, 2 left on base; Vancouver 3 - Aberdeen 0 |
| BOTTOM OF THE 5TH |
|
Aberdeen Ironbirds batting - Pitching for Vancouver Canadians : RHP Allen Vesey
|
|
Batting: LHB Miguel Medina
|
0-0: Ground out 4-3 (Groundball, 4, EV 101.9 MPH)
|
|
Batting: RHB Tony Godley
|
0-0: Ball 1-0: Swinging Strike 1-1: Ball 2-1: Called Strike 2-2: Ground out 6-3 (Groundball, 6, EV 86.9 MPH)
|
|
Batting: LHB Adam Oldfield
|
0-0: Ball 1-0: Fly out, F3 (Line Drive, 3, EV 65.0 MPH)
|
| Bottom of the 5th over - 0 runs, 0 hits, 0 errors, 0 left on base; Vancouver 3 - Aberdeen 0 |
| TOP OF THE 6TH |
|
Vancouver Canadians batting - Pitching for Aberdeen Ironbirds : LHP Luis Perez
|
|
Batting: RHB Porter Welsh
|
0-0: Ground out 5-3 (Groundball, 56, EV 96.2 MPH)
|
|
Batting: RHB Dan Hilyer
|
0-0: Ball 1-0: Ball 2-0: Called Strike 2-1: Called Strike 2-2: Strikes out swinging
|
|
Batting: RHB Bobby Lasaguna
|
0-0: Ball 1-0: Called Strike 1-1: Ground out 5-3 (Groundball, 56, EV 101.9 MPH)
|
| Top of the 6th over - 0 runs, 0 hits, 0 errors, 0 left on base; Vancouver 3 - Aberdeen 0 |
| BOTTOM OF THE 6TH |
|
Aberdeen Ironbirds batting - Pitching for Vancouver Canadians : RHP Allen Vesey
|
|
Batting: RHB Daniel Jackson
|
0-0: Ball 1-0: Foul Ball, location: 2F 1-1: Fly out, F8 (Flyball, 8RXD, EV 98.1 MPH)
|
|
Batting: RHB Ray Sims
|
0-0: Called Strike 0-1: Ball 1-1: Ball 2-1: Ball 3-1: SINGLE (Groundball, 6MD, EV 103.8 MPH)
|
|
Batting: RHB Dave Perron
|
0-0: Ball 1-0: Ball 2-0: Ball 3-0: Called Strike 3-1: TRIPLE (Line Drive, 89XD, EV 98.8 MPH) Ray Sims scores
|
|
Batting: LHB Shane Cruse
|
0-0: Ball 1-0: Called Strike 1-1: Ball 2-1: Swinging Strike 2-2: Strikes out swinging
|
|
Batting: RHB Matt Berrier
|
0-0: Fly out, F8 (Flyball, 78M, EV 93.8 MPH)
|
| Bottom of the 6th over - 1 run, 2 hits, 0 errors, 1 left on base; Vancouver 3 - Aberdeen 1 |
| TOP OF THE 7TH |
|
Vancouver Canadians batting - Pitching for Aberdeen Ironbirds : LHP Luis Perez
|
|
Batting: RHB Jose Garza
|
0-0: TRIPLE (Flyball, 78XD, EV 101.9 MPH)
|
|
Batting: RHB Jose Ontiveros
|
0-0: Intentional Walk
|
|
Batting: LHB Sonny Flood
|
0-0: Foul Ball, location: 2F 0-1: Ball Passed Ball! Jose Garza scores Jose Ontiveros to second 1-1: SINGLE (Groundball, 6MD, EV 103.1 MPH) Jose Ontiveros to third
|
|
Batting: RHB Elliot Manfredini
|
0-0: Ball 1-0: Called Strike 1-1: Ball 2-1: Ball 3-1: Base on Balls Sonny Flood to second
|
|
Batting: RHB Lee McKay
|
0-0: Ball Passed Ball! Jose Ontiveros scores Sonny Flood to third Elliot Manfredini to second 1-0: Called Strike 1-1: Ball 2-1: Swinging Strike 2-2: Strikes out swinging
|
|
Pitching: LHP Justin Hinton
|
|
|
Batting: RHB Nikita Schram
|
0-0: Ball 1-0: Swinging Strike 1-1: Swinging Strike 1-2: Strikes out swinging
|
|
Batting: RHB Porter Welsh
|
0-0: Ball 1-0: Ball 2-0: Foul Ball, location: 2F 2-1: Ball 3-1: Base on Balls
|
|
Batting: RHB Dan Hilyer
|
0-0: Called Strike 0-1: Ball 1-1: Ball 2-1: Ball 3-1: Called Strike 3-2: Fly out, F7 (Flyball, 7, EV 86.2 MPH)
|
| Top of the 7th over - 2 runs, 2 hits, 0 errors, 3 left on base; Vancouver 5 - Aberdeen 1 |
| BOTTOM OF THE 7TH |
|
Aberdeen Ironbirds batting - Pitching for Vancouver Canadians : RHP Allen Vesey
|
|
Batting: RHB Andy Bridger
|
0-0: Ball 1-0: Ball 2-0: Called Strike 2-1: Ball 3-1: Ground out 4-3 (Groundball, 4, EV 83.8 MPH)
|
|
Batting: LHB Miguel Medina
|
0-0: Ball 1-0: Called Strike 1-1: Ball 2-1: Fly out, F8 (Flyball, 8LS, EV 88.1 MPH)
|
|
Batting: RHB Tony Godley
|
0-0: Fly out, F8 (Flyball, 8LXD, EV 93.1 MPH)
|
| Bottom of the 7th over - 0 runs, 0 hits, 0 errors, 0 left on base; Vancouver 5 - Aberdeen 1 |
| TOP OF THE 8TH |
|
Vancouver Canadians batting - Pitching for Aberdeen Ironbirds : LHP Justin Hinton
|
|
Batting: RHB Bobby Lasaguna
|
0-0: Ground out 5-3 (Groundball, 5S, EV 81.9 MPH)
|
|
Batting: RHB Jose Garza
|
0-0: Ball 1-0: Ball 2-0: Foul Ball, location: 2F 2-1: SINGLE (Groundball, 4M, EV 100.0 MPH) (infield hit)
|
|
Batting: RHB Jose Ontiveros
|
0-0: Called Strike 0-1: Foul Ball, location: 2F 0-2: Ball Wild Pitch! Jose Garza to second 1-2: Ball 2-2: Ball Passed Ball! Jose Garza to third 3-2: Intentional Walk
|
|
Batting: LHB Sonny Flood
|
0-0: Called Strike Pickoff Throw to First - Out! 1-3 0-1: Foul Ball, location: 2F 0-2: Ball 1-2: Foul Ball, location: 2F 1-2: Ball 2-2: DOUBLE (Flyball, 8RXD, EV 101.2 MPH) Jose Garza scores
|
|
Batting: RHB Elliot Manfredini
|
0-0: Ball 1-0: Ball 2-0: Called Strike 2-1: Fly out, F8 (Flyball, 8LD, EV 98.8 MPH)
|
| Top of the 8th over - 1 run, 2 hits, 0 errors, 1 left on base; Vancouver 6 - Aberdeen 1 |
| BOTTOM OF THE 8TH |
|
Aberdeen Ironbirds batting - Pitching for Vancouver Canadians : RHP Allen Vesey
|
|
Pitching: RHP Young-ghil Sohn
|
|
|
Batting: LHB Adam Oldfield
|
0-0: Ball 1-0: Ball 2-0: Ball 3-0: Called Strike 3-1: Called Strike 3-2: Fly out, F6 (Popup, 6M, EV 70.6 MPH)
|
|
Batting: RHB Daniel Jackson
|
0-0: Ball 1-0: Ball 2-0: Ball 3-0: Base on Balls
|
|
Batting: RHB Ray Sims
|
0-0: Called Strike 0-1: Ball 1-1: SINGLE (Groundball, 56D, EV 96.2 MPH) Daniel Jackson to second
|
|
Batting: RHB Dave Perron
|
0-0: Foul Ball, location: 2F 0-1: Fly out, F7 (Flyball, 7LM, EV 83.8 MPH)
|
|
Batting: LHB Shane Cruse
|
0-0: Ball 1-0: Called Strike 1-1: Called Strike 1-2: Foul Ball, location: 2F 1-2: Strikes out looking
|
| Bottom of the 8th over - 0 runs, 1 hit, 0 errors, 2 left on base; Vancouver 6 - Aberdeen 1 |
| TOP OF THE 9TH |
|
Vancouver Canadians batting - Pitching for Aberdeen Ironbirds : LHP Justin Hinton
|
|
Batting: RHB Lee McKay
|
0-0: Ball 1-0: Ball 2-0: Fly out, F8 (Flyball, 8LM, EV 88.1 MPH)
|
|
Batting: RHB Nikita Schram
|
0-0: Ball 1-0: Foul Ball, location: 2F 1-1: Swinging Strike 1-2: Foul Ball, location: 2F 1-2: Strikes out swinging
|
|
Batting: RHB Porter Welsh
|
0-0: Called Strike 0-1: Foul Ball, location: 2F 0-2: Ball 1-2: Ball 2-2: Foul Ball, location: 2F 2-2: Ball 3-2: SINGLE (Groundball, 25, EV 69.4 MPH) (infield hit)
|
|
Pitching: RHP Fabiano Ceriani
|
|
|
Batting: RHB Dan Hilyer
|
0-0: Ball Porter Welsh steals 2nd, throwing error, E2 Porter Welsh to third 1-0: Swinging Strike 1-1: Ball 2-1: Fly out, F2 (Popup, 23F, EV 84.4 MPH)
|
| Top of the 9th over - 0 runs, 1 hit, 1 error, 1 left on base; Vancouver 6 - Aberdeen 1 |
| BOTTOM OF THE 9TH |
|
Aberdeen Ironbirds batting - Pitching for Vancouver Canadians : RHP Young-ghil Sohn
|
|
Now at 1B: Alex Vazquez
|
|
|
Batting: RHB Matt Berrier
|
0-0: Called Strike 0-1: Foul Ball, location: 2F 0-2: Strikes out swinging
|
|
Batting: RHB Andy Bridger
|
0-0: Called Strike 0-1: Ground out U3 (Groundball, 3S, EV 70.6 MPH)
|
|
Batting: LHB Miguel Medina
|
0-0: Ball 1-0: Foul Ball, location: 2F 1-1: Ball 2-1: Foul Ball, location: 2F 2-2: Ball 3-2: Base on Balls
|
|
Batting: RHB Tony Godley
|
0-0: Called Strike 0-1: Ball 1-1: Swinging Strike 1-2: Hit by Pitch Miguel Medina to second
|
|
Batting: LHB Adam Oldfield
|
0-0: Ball 1-0: Ball 2-0: Swinging Strike 2-1: Foul Ball, location: 2F 2-2: Strikes out swinging
|
| Bottom of the 9th over - 0 runs, 0 hits, 0 errors, 2 left on base; Vancouver 6 - Aberdeen 1 |
|